 Dungeon Crawl Stone Soup version 0.19-a0-1886-gd64a0f0 (webtiles) character file.

55 JeffiDaFish the Sneak (level 3, 0/24 HPs)
             Began as a Vampire Enchanter on Oct 15, 2016.
             Slain by a goblin (4 damage)
             ... on level 2 of the Dungeon.
             The game lasted 00:05:38 (1327 turns).

JeffiDaFish the Sneak (Vampire Enchanter)           Turns: 1327, Time: 00:05:38

Health: 0/24       AC:  0    Str:  8    XL:     3   Next: 67%
Magic:  3/6        EV: 13    Int: 17    God:
Gold:   64         SH:  0    Dex: 14    Spells: 2 memorised, 3 levels left

rFire  . . .     SeeInvis +     a - +1 dagger
rCold  . . .     Gourm    .     b - +1 robe
rNeg   + . .     Faith    .     (no shield)
rPois  .         Spirit   .     (no helmet)
rElec  .         Dismiss  .     (no cloak)
rCorr  .         Reflect  .     (no gloves)
MR     .....     Harm     .     (no boots)
Stlth  +++.......               h - amulet of magic regeneration
                                (no ring)
                                i - -3 ring of protection (curse)

@: very slightly contaminated
A: fangs 3, see invisible, unbreathing
a: Bat Form


You were on level 2 of the Dungeon.
You were not thirsty.

You visited 1 branch of the dungeon, and saw 2 of its levels.

You collected 64 gold pieces.

Inventory:

Hand Weapons
 a - a +1 dagger (weapon)
Armour
 b - a +1 robe (worn)
Jewellery
 f - an uncursed amulet of guardian spirit
 h - an amulet of magic regeneration (around neck)
 i - a cursed -3 ring of protection (left hand)
Scrolls
 e - 2 scrolls of identify
Potions
 d - 6 potions of blood
 g - a potion of curing
Books
 c - a book of Maledictions

   Spells                             Type                      Level
   a - Corona                         Hexes                        1
   b - Ensorcelled Hibernation        Hexes/Ice                    2
   c - Confuse                        Hexes                        3
   d - Tukima's Dance                 Hexes                        3
   e - Dazzling Spray                 Conjuration/Hexes            3


   Skills:
 + Level 0.1 Fighting
 + Level 1.4 Short Blades
 + Level 2.4 Dodging
 + Level 5.6 Stealth
 + Level 2.2 Spellcasting
 + Level 5.3 Hexes


You had 3 spell levels left.
You knew the following spells:

 Your Spells              Type           Power        Failure   Level  Hunger
a - Corona                Hex            ###....      2%          1    #......
b - Ensorcelled Hibernat  Hex/Ice        ##....       12%         2    ###....


Dungeon Overview and Level Annotations

Branches:
Dungeon (2/15)

Altars:
Trog


Innate Abilities, Weirdness & Mutations

You have razor-sharp teeth.
You have supernaturally acute eyesight. (SInv)
You can survive without breathing.


Message History

* * * LOW HITPOINT WARNING * * *
You are too injured to fight recklessly!
You are too injured to fight recklessly!
You are too injured to fight recklessly!
You are too injured to fight recklessly!
You are too injured to fight recklessly!
You barely miss the goblin.
The goblin is heavily wounded.
The goblin misses you.
You hit the goblin. Your bite misses the goblin.
The goblin is severely wounded.
The goblin hits you.
* * * LOW HITPOINT WARNING * * *
You barely miss the goblin.
The goblin is severely wounded.
The goblin barely misses you.
You hit the goblin but do no damage. You bite the goblin, but do no damage.
The goblin is severely wounded.
The goblin hits you.
You die...

#..................#
######'##..........#
#.##..........#
#.##..........
#.##......#####
#.##.....##...##
..##....##..≈≈.##
#######(##≈≈≈..##
#(@ggKg._##
####≈≈≈..## .(≈≈.##
#...## ####


You could see 3 goblins and a kobold.

Vanquished Creatures
  An adder (D:2)
  2 oozes (D:1)
  A worm (D:2)
  3 dart slugs (D:1)
  2 giant cockroaches (D:1)
  4 hobgoblins
  2 kobolds
  4 bats
  A frilled lizard (D:1)
  4 goblins (D:1)
  4 rats
28 creatures vanquished.

Notes
Turn   | Place    | Note
-------+----------+-------------------------------------------
     0 | D:1      | JeffiDaFish the Vampire Enchanter began the quest for the Orb.
     0 | D:1      | Reached XP level 1. HP: 13/13 MP: 3/3
   318 | D:1      | Reached XP level 2. HP: 19/19 MP: 5/5
   335 | D:1      | Learned a level 2 spell: Ensorcelled Hibernation
   447 | D:1      | Reached skill level 5 in Hexes
   468 | D:1      | Reached skill level 5 in Stealth
   627 | D:1      | Reached XP level 3. HP: 24/24 MP: 6/6
  1301 | D:2      | Found a bloodstained altar of Trog.
  1327 | D:2      | Slain by a goblin

Vault maps used:
D:1:      nagdon_arrival_zigzag_paths, minmay_pentomino_u2
D:2:      trog_hazing_becter

Skill      XL: |  1  2 |
---------------+-------+-----
Hexes          | 5 |  5.3
Stealth        | 5 |  5.6
Fighting       | |  0.1
Short Blades   | |  1.4
Dodging        | |  2.4
Spellcasting   | |  2.2

Action                   || total
-------------------------++-------
Melee: Dagger            ||    82
       Bite              ||     4
 Cast: Ensorcelled Hiber ||     5
  Use: Scroll            ||     1
       Potion            ||     8
 Stab: Sleeping          ||    14
       Distracted        ||     1
Armor: Robe              ||     8
Dodge: Dodged            ||    43
